 Dungeon Crawl Stone Soup version 0.21.1-1-g345015f (webtiles) character file.

283 KeyboardFingers the Poker (level 6, 0/53 HPs)
             Began as a Minotaur Berserker on June 10, 2018.
             Was a Believer of Trog.
             Slain by an iguana (8 damage)
             ... on level 4 of the Dungeon.
             The game lasted 00:13:15 (1825 turns).

KeyboardFingers the Poker (Minotaur Berserker)      Turns: 1825, Time: 00:13:17

Health: 0/53       AC: 10    Str: 24    XL:     6   Next: 7%
Magic:  5/5        EV:  6    Int:  4    God:    Trog [**....]
Gold:   35         SH:  9    Dex:  9    Spells: 5/5 levels left

rFire    . . .     SeeInvis .   a - +0 spear
rCold    + . .     Gourm    .   u - +0 shield
rNeg     . . .     Faith    .   h - +0 chain mail
rPois    .         Spirit   .   (helmet restricted)
rElec    .         Reflect  .   (no cloak)
rCorr    .         Harm     .   g - +0 pair of gloves
MR       .....                  (no boots)
Stlth    ..........             (no amulet)
HPRegen  0.17/turn              m - ring of protection from cold
MPRegen  0.09/turn              (no ring)

@: no status effects
A: retaliatory headbutt, horns 2
a: Berserk, Trog's Hand, Burn Spellbooks, Renounce Religion


You were on level 4 of the Dungeon.
You worshipped Trog.
Trog was pleased with you.
You were very hungry.

You visited 1 branch of the dungeon, and saw 4 of its levels.

You collected 35 gold pieces.

Inventory:

Hand Weapons
 a - a +0 spear (weapon)
 k - a +0 spear
 v - a +1 flail of holy wrath
Missiles
 i - 22 bolts
Armour
 b - a +0 animal skin
 e - a +0 ring mail
 g - a +0 pair of gloves (worn)
 h - a +0 chain mail (worn)
 u - a +0 shield (worn)
Jewellery
 m - a ring of protection from cold (left hand)
Scrolls
 d - 5 scrolls of teleportation
 f - 2 scrolls of immolation {unknown}
 o - a scroll of identify {unknown}
 p - a scroll of blinking {unknown}
Potions
 l - 2 potions of might
 n - a potion of resistance {unknown}
 q - 2 potions of invisibility {unknown}
 r - 2 potions of brilliance {unknown}
 s - 2 potions of berserk rage {unknown}
 t - a potion of agility {unknown}
 z - a potion of lignification {unknown}
Comestibles
 c - 5 rations


   Skills:
 * Level 4.7 Fighting
 + Level 6.1 Polearms
 + Level 3.8 Armour
 + Level 2.7 Dodging
 * Level 2.3 Shields


You had 5 spell levels left.
You didn't know any spells.

Dungeon Overview and Level Annotations

Branches:
Dungeon (4/15)
 Temple: D:4-7

Altars:
Gozag


Innate Abilities, Weirdness & Mutations

You reflexively headbutt those who attack you in melee.
You have a pair of horns on your head.


Message History

You hit the worker ant but do no damage.
Your headbutt misses the worker ant.
The worker ant is almost dead.
The worker ant bites you but does no damage.
You hit the worker ant but do no damage.
You kill the worker ant!
Trog accepts your kill.
You have reached level 6!
Your experience leads to an increase in your attributes!
Increase (S)trength, (I)ntelligence, or (D)exterity?
You feel stronger.
You hit the iguana.
The iguana is moderately wounded.
You hear the slow rusting of a very distant drain.
The iguana bites you!
* * * LOW HITPOINT WARNING * * *
You hit the iguana.
The iguana is severely wounded.
The iguana bites you!
You die...

## # .# ##. .###.##
.#...## ..... ... #.#
#(# #@##
#...l#.#######
#)....##....>.# #
#..... ##.###.##.###.
#..... #.####........
##....#.##.......####
.#.##.# #.#######
#.#. ## ##.#######
#.<.......


You could see an iguana.

Vanquished Creatures
  The ghost of protoss039 the Chopper, an amateur OpCK of Xom (D:3)
  An orc priest (D:4)
  An orc wizard (D:4)
  A worker ant (D:4)
  4 adders
  4 worms
  2 dart slugs
  3 leopard geckos
  7 orcs
  A bat (D:3)
  3 giant cockroaches
  5 hobgoblins
  4 jackals (D:1)
  8 kobolds
  A quokka (D:2)
  12 goblins
  A quokka skeleton (D:4)
  6 rats
65 creatures vanquished.

Notes
Turn   | Place    | Note
-------+----------+-------------------------------------------
     0 | D:1      | KeyboardFingers the Minotaur Berserker began the quest for the Orb.
     0 | D:1      | Reached XP level 1. HP: 19/19 MP: 0/0
   120 | D:1      | Reached XP level 2. HP: 21/27 MP: 1/1
   204 | D:2      | Reached skill level 4 in Polearms
   381 | D:2      | Reached XP level 3. HP: 26/33 MP: 2/2
   541 | D:2      | Reached ** piety under Trog
   832 | D:2      | Reached XP level 4. HP: 39/40 MP: 3/3
   893 | D:3      | Found an opulent altar of Gozag.
  1014 | D:3      | Reached skill level 5 in Polearms
  1337 | D:3      | Reached skill level 1 in Shields
  1363 | D:3      | Noticed protoss039's ghost (amateur OpCK)
  1379 | D:3      | Killed protoss039's ghost
  1379 | D:3      | Reached XP level 5. HP: 46/47 MP: 4/4
  1436 | D:3      | Found an opulent altar of Gozag.
  1808 | D:4      | Reached skill level 6 in Polearms
  1823 | D:4      | Reached XP level 6. HP: 14/53 MP: 5/5
  1825 | D:4      | Slain by an iguana

Skill      XL: |  1  2  3  4  5 |
---------------+----------------+-----
Polearms       | 4 5 6 |  6.1
Fighting       | 4 |  4.7
Armour         | 3 |  3.8
Shields        | 1 2 |  2.3
Dodging        | |  2.7

Action                   |  1- 3 |  4- 6 || total
-------------------------+-------+-------++-------
Melee: Spear             |    99 |   117 ||   216
       Headbutt          |    16 |    25 ||    41
  Use: Potion            |     1 |     2 ||     3
       Scroll            |       |     1 ||     1
  Eat: Chunk             |       |     2 ||     2
Armor: Ring mail         |     8 |       ||     8
       Chain mail        |    15 |    37 ||    52
Dodge: Dodged            |    32 |    28 ||    60
Block: Shield            |       |    28 ||    28
